 Dungeon Crawl Stone Soup version 0.32-a0-470-g255bbe2f98 (webtiles) character file.

Game seed: 3991363430058106598

1089 CrazyBamboolord the Trooper (level 8, -13/64 HPs)
             Began as a Coglin Berserker on Feb 25, 2024.
             Was an Elder of Trog.
             Killed from afar by a gargoyle (22 damage)
             ... with a stone arrow
             ... on level 7 of the Dungeon.
             The game lasted 00:07:34 (5485 turns).

CrazyBamboolord the Trooper (Coglin Berserker)      Turns: 5485, Time: 00:07:35

Health: -13/64     AC: 13    Str: 18    XL:     8   Next: 31%
Magic:  8/8        EV:  7    Int:  7    God:    Trog [****..]
Gold:   407        SH:  0    Dex: 15    Spells: 7/7 levels left

rFire   + . .        a - +0 falchion {Hans}
rCold   + . .        d - +1 long sword (holy) {Chaewon}
rNeg    . . .        s - +1 plate armour {rPois}
rPois   +            (no helmet)
rElec   .            m - scarf {rC+ rF+}
rCorr   .            (no gloves)
SInv    .            (no boots)
Will    ++...        (no amulet) Stlth
                     (ring unavailable)
HPRegen 1.30/turn    (ring unavailable)
MPRegen 0.11/turn

%: no passive effects
@: strong-willed, regenerating, revving
A: off-hand wielding, slow wielding, warmup strikes, no rings
a: Renounce Religion, Berserk, Trog's Hand, Brothers in Arms


You were on level 7 of the Dungeon.
You worshipped Trog.
Trog was greatly pleased with you.
You visited 1 branch of the dungeon, and saw 7 of its levels.

You collected 407 gold pieces.

Inventory:

Hand Weapons
 a - a +0 falchion (weapon) {Hans}
 d - a +1 long sword of holy wrath (offhand) {Chaewon}
Armour
 m - a scarf of resistance (worn)
 s - a +1 plate armour of poison resistance (worn)
Jewellery
 n - an amulet of faith
Wands
 e - a wand of roots (19)
 w - a wand of light (9)
 A - a wand of polymorph (7)
 B - a wand of flame (16)
Scrolls
 c - a scroll of poison
 l - a scroll of immolation {unknown}
 o - a scroll of enchant weapon {unknown}
 q - a scroll of blinking {unknown}
 r - a scroll of amnesia
 u - a scroll of torment {unknown}
 x - a scroll of fear {unknown}
 y - a scroll of teleportation {unknown}
Potions
 b - a potion of curing {unknown}
 f - a potion of magic {unknown}
 g - 2 potions of resistance
 h - a potion of mutation {unknown}
 i - 3 potions of attraction
 j - 2 potions of ambrosia {unknown}
 k - 2 potions of degeneration {unknown}
 p - a potion of heal wounds {unknown}
 t - a potion of lignification {unknown}
 v - a potion of haste {unknown}
 z - a potion of enlightenment {unknown}


   Skills:
 * Level 5.9 Fighting
 * Level 5.8 Long Blades
 * Level 4.8 Armour
 + Level 3.7 Dodging


You had 7 spell levels left.
You didn't know any spells.
Your spell library was empty.

Dungeon Overview and Level Annotations

Branches:
Dungeon (7/15)
 Temple: D:4-7

Altars:
Cheibriados
Kikubaaqudgha
Makhleb
Trog
Uskayaw
Wu Jian

Shops:
D:6 (

Annotations:
D:5 exclusion: moth of wrath


Innate Abilities, Weirdness & Mutations

You can wield a second weapon in your off-hand.
It takes a long time for you to wield or remove held weapons.
Your first few attacks do less damage.
Your grasper-arms cannot wear rings.


Message History

You slash the gnoll with your +0 falchion!
The gnoll hits you but does no damage.
You hit the gnoll with your +0 falchion.
The gnoll is almost dead.
You closely miss the gnoll with your +1 long sword of holy wrath.
The gnoll hits you but does no damage.
Unknown command.
You barely miss the gnoll with your +0 falchion.
The gnoll is almost dead.
You slash the gnoll with your +1 long sword of holy wrath!
You kill the gnoll!
Trog accepts your kill.
You hit the gargoyle but do no damage.
You completely miss the gargoyle with your +1 long sword of holy wrath.
The gargoyle hits you with a +0 mace!
You barely miss the gargoyle with your +1 long sword of holy wrath.
You hit the gargoyle but do no damage. The gargoyle hits you with a +0 mace.
You hit the gargoyle but do no damage.
You hit the gargoyle with your +1 long sword of holy wrath.
The gargoyle hurls a stone arrow at you.
The stone arrow hits you!
Unknown command.
You hit the gargoyle but do no damage.
The gargoyle is moderately damaged.
You completely miss the gargoyle with your +0 falchion.
The gargoyle hits you with a +0 mace!
* * * LOW HITPOINT WARNING * * *
As you read the scroll labelled GUEGEZ XOBA, it crumbles to dust.
It is a scroll of amnesia.
You feel forgetful for a moment. The gargoyle hits you with a +0 mace!
* * * LOW HITPOINT WARNING * * *
Your skin crawls.
You feel strong-willed. The gargoyle barely misses you.
You fail to use your ability.
The gargoyle hits you but does no damage.
Your ogre goes berserk!
The gargoyle hurls a stone arrow at you.
The stone arrow hits you!!
You die...

#. #.# #.# #.# .
##.# ##...
#..###......
###.#.@9...... ..
#.....##O#.... #.#
##.#.#.##.# . #.#
#........... #.#
##..#.#.##.## #.#
#.......# #
#.####.#........ #
#.##..>#.....#...
#.#....#####.#.....


You could see a gargoyle (ally target) and a friendly ogre (summoned, berserk).

Vanquished Creatures
  An ice beast (D:6)
  A black bear (D:6)
  A centaur (D:5)
  A bullfrog (D:6)
  A scorpion (D:5)
  3 bombardier beetles
  A gnoll bouda (D:7)
  2 orc priests (D:4)
  5 orc wizards
  2 iguanas
  11 gnolls
  6 adders
  2 white imps (D:6)
  4 ufetubi (D:5)
  2 dart slugs (D:2)
  A ribbon worm (D:5)
  23 orcs
  5 bats
  12 endoplasms
  8 giant cockroaches
  8 goblins
  7 hobgoblins
  A quokka (D:1)
  9 ball pythons
  9 frilled lizards
  4 kobolds
  12 rats
142 creatures vanquished.

Notes
Turn   | Place    | Note
-------+----------+-------------------------------------------
     0 | D:1      | CrazyBamboolord the Coglin Berserker began the quest for
                  | the Orb.
     0 | D:1      | Reached XP level 1. HP: 18/18 MP: 1/1
   310 | D:1      | Reached XP level 2. HP: 19/24 MP: 2/2
   589 | D:1      | Reached XP level 3. HP: 29/29 MP: 3/3
   793 | D:1      | Reached ** piety under Trog
  1183 | D:2      | Reached XP level 4. HP: 36/36 MP: 4/4
  1793 | D:3      | Found a snail-covered altar of Cheibriados.
  2134 | D:3      | Found a burning altar of Makhleb.
  2134 | D:3      | Found an ornate altar of the Wu Jian Council.
  2189 | D:3      | Reached XP level 5. HP: 23/42 MP: 5/5
  2637 | D:4      | Reached *** piety under Trog
  2820 | D:4      | Reached XP level 6. HP: 39/48 MP: 6/6
  3179 | D:4      | Identified a scroll of acquirement
  3181 | D:4      | Acquired a +1 long sword of holy wrath
  3703 | D:5      | Entered Level 5 of the Dungeon
  3714 | D:5      | Reached XP level 7. HP: 30/55 MP: 7/7
  3812 | D:5      | Found an ancient bone altar of Kikubaaqudgha.
  3887 | D:5      | Reached skill level 5 in Fighting
  4005 | D:5      | Found a hide-covered altar of Uskayaw.
  4290 | D:5      | Reached **** piety under Trog
  4291 | D:5      | Reached skill level 5 in Long Blades
  4675 | D:5      | Noticed a moth of wrath
  4678 | D:5      | Found a bloodstained altar of Trog.
  4895 | D:6      | Found Cauckic's Weapon Shoppe.
  4904 | D:6      | Reached XP level 8. HP: 59/64 MP: 8/8
  5464 | D:7      | Noticed a gargoyle
  5485 | D:7      | Killed from afar by a gargoyle

Illustrated notes

Levels and vault maps discovered:
D:1:      beargit_arrival_diablo_church, layout_basic, hangedman_decor_growths,
          minmay_hedge_maze, minmay_pentomino_s2
D:2:      layout_rooms, minmay_lizard_king
D:3:      layout_basic, amcnicky_altar_gilded, nicolae_overflow_two_pavilions
D:4:      layout_basic, minivault_11, kennysheep_boxes
D:5:      layout_gridville, nicolae_uskayaw_suspiria, tgw_trog,
          mainiacjoe_overflow_24_doors
D:6:      layout_cave_pools, serial_shops, nicolae_shop_tiny_waterfront
D:7:      layout_loops_ring, minmay_temple_entry_statues_fountains,
          serial_shops, nicolae_stop_n_shop_1

Skill      XL: |  1  2  3  4  5  6  7 |
---------------+----------------------+-----
Armour         | 2 3 4 |  4.8
Dodging        | 2 3 |  3.7
Fighting       | 4 5 |  5.9
Long Blades    | 4 5 |  5.8

Action                     |  1- 3 |  4- 6 |  7- 9 || total
---------------------------+-------+-------+-------++-------
  Melee: Falchion          |    78 |   153 |   120 ||   351
         Short sword       |    67 |    31 |       ||    98
         Dagger            |       |    97 |       ||    97
         Long sword        |       |    26 |   122 ||   148
 Invoke: Berserk           |       |       |     1 ||     1
         Trog's Hand       |       |       |     1 ||     1
         Brothers in Arms  |       |       |     1 ||     1
    Use: Scroll            |       |     5 |     1 ||     6
   Stab: Sleeping          |     1 |       |       ||     1
 Armour: Leather armour    |    45 |       |       ||    45
         Animal skin       |     4 |       |       ||     4
         Ring mail         |       |   126 |     5 ||   131
         Plate armour      |       |       |   168 ||   168
  Dodge: Dodged            |    48 |   116 |    58 ||   222

Table legend: (Time is in decaauts)
 A = Elapsed time spent in this place.
 B = Non-inter-level travel time spent in this place.
 C = Inter-level travel time spent in this place.
 D = Time resting spent in this place.
 E = Time spent auto-exploring this place.
 F = Levels seen in this place.
 G = Mean time per level.
                   A        B        C        D        E       F      G
               +--------+--------+--------+--------+--------+-----+--------+
         Total |   5539 |   5193 |    346 |    271 |   3897 |   7 |  791.3 |
       Dungeon |   5539 |   5193 |    346 |    271 |   3897 |   7 |  791.3 |
               +--------+--------+--------+--------+--------+-----+--------+

Top non-repeatable levels by time:
     D:1: 1203 daAuts
     D:4: 1161 daAuts
     D:5: 1110 daAuts
     D:3: 782 daAuts
     D:6: 649 daAuts
     D:2: 591 daAuts
     D:7: 40 daAuts
